 Dungeon Crawl Stone Soup version 0.28.0-53-g5a82cb258f (webtiles) character file.

Game seed: 17757580415559207970

1170 Deemzul the Chopper (level 8, -2/99 (102) HPs)
             Began as a Palentonga Berserker on July 24, 2022.
             Was a Priest of Trog.
             Slain by a necrophage (3 damage)
             ... on level 6 of the Dungeon.
             The game lasted 00:09:55 (6074 turns).

Deemzul the Chopper (Palentonga Berserker)          Turns: 6074, Time: 00:09:55

HP:   -2/99 (102)   AC: 12    Str: 23    XL:     8   Next: 17%
MP:   8/8           EV: 10    Int:  8    God:    Trog [***...]
Gold: 428           SH:  0    Dex:  9    Spells: 7/7 levels left

rFire   . . .      SeeInvis +   p - +0 hand axe
rCold   . . .      Faith    .   i - orb {*Rage}
rNeg    . . .      Spirit   .   b - +0 animal skin
rPois   .          Reflect  .   (no helmet)
rElec   .          Harm     .   g - +0 cloak
rCorr   .          Rampage  .   (no gloves)
Will    ++...      Rage     20% (no barding)
Stlth   ..........              (no amulet)
HPRegen 1.26/turn               (no ring)
MPRegen 0.11/turn               (no ring)

@: berserking (expiring), lethally poisoned (-2 -> -5), strong-willed
(expiring), regenerating (expiring), lightly drained, curled up, very quick
A: large, rugged brown scales 3, see invisible, deformed body, roll 1, armoured
tail, reflexive curl
a: Rolling Charge, Renounce Religion, Berserk, Trog's Hand


You were on level 6 of the Dungeon.
You worshipped Trog.
Trog was most pleased with you.
You visited 1 branch of the dungeon, and saw 6 of its levels.
You also visited: Ossuary.

You collected 428 gold pieces.

Inventory:

Hand Weapons
 p - a +0 hand axe (weapon)
Missiles
 f - 11 javelins (quivered)
Armour
 b - a +0 animal skin (worn)
 g - a +0 cloak (worn)
 i - an orb of wrath (worn)
Wands
 v - a wand of digging (2)
Scrolls
 h - a scroll of fear
 j - 6 scrolls of identify
 k - 3 scrolls of teleportation
 t - a scroll of noise {unknown}
 u - a scroll of vulnerability {unknown}
Potions
 a - a potion of lignification {unknown}
 c - a potion of degeneration {unknown}
 d - 6 potions of curing
 e - 2 potions of might {unknown}
 l - a potion of attraction
 m - 3 potions of cancellation {unknown}
 n - a potion of haste {unknown}
 o - a potion of ambrosia {unknown}
 q - 2 potions of heal wounds {unknown}
 r - 2 potions of brilliance {unknown}
 s - a potion of mutation {unknown}


   Skills:
 + Level 5.8 Fighting
 + Level 6.5 Axes
 + Level 3.3 Armour
 + Level 4.1 Dodging
 - Level 0.7 Stealth


You had 7 spell levels left.
You didn't know any spells.
Your spell library was empty.

Dungeon Overview and Level Annotations

Branches:
Dungeon (6/15)            Ossuary (visited)
 Temple: D:4-7

Altars:
Ashenzari
Gozag
Hepliaklqana
Kikubaaqudgha
Uskayaw
Xom

Shops:
D:1 *   D:4 (

Annotations:
D:6 Maggie


Innate Abilities, Weirdness & Mutations

You are completely covered in rugged brown scales. (AC +3, +7% HP)
You have supernaturally acute eyesight. (SInv)
Armour fits poorly on your strangely shaped body.
You can roll at nearby foes to attack.
You have a long armoured tail.
You curl defensively after being hit. (AC +7*)


Message History

* * * LOW HITPOINT WARNING * * *
You feel drained.
* * * LOW HITPOINT WARNING * * *
Unknown command.
You are too injured to fight recklessly!
You hit Maggie but do no damage.
Maggie is moderately wounded.
You slash the necrophage!
You feel sick.
Maggie hits you with a +1 halberd of venom!
* * * LOW HITPOINT WARNING * * *
You are more poisoned.
Unknown command.
You slash Maggie! You tail-slap Maggie!
Maggie is heavily wounded.
You hit the necrophage.
* * * LOW HITPOINT WARNING * * *
You feel very sick. The necrophage hits you.
* * * LOW HITPOINT WARNING * * *
You slash the necrophage!
The necrophage is severely damaged.
You barely miss Maggie.
* * * LOW HITPOINT WARNING * * *
You feel very sick.
Maggie mumbles some strange words.
The necrophage hits you.
* * * LOW HITPOINT WARNING * * *
You barely miss the necrophage.
The necrophage is severely damaged.
You hit Maggie but do no damage.
* * * LOW HITPOINT WARNING * * *
You feel sick. Maggie closely misses you.
Unknown command.
You completely miss the necrophage.
The necrophage is severely damaged.
You hit Maggie.
* * * LOW HITPOINT WARNING * * *
You feel very sick. The necrophage hits you.
You die...

. ............#.....#
#....##........#......
###.#. #............#...
......###.##.......##..#
........#..........#..##
....<..........##...#.<#
.......#..#....#..###).#
.......#.......#..# #...
......n@....###..# ....
.....#@..#.(# ... ...#.
≈.. #.>..#.## ....##. .
......... .... .
.....#....# ..... .
≈.....###.... ......
####. ###..#


You could see Maggie and a necrophage.

Vanquished Creatures
  Duvessa (D:5)
  A black bear (D:5)
  2 phantoms
  4 scorpions
  Dowan (D:5)
  A wyvern skeleton (D:5)
  A jelly (D:4)
  An orc priest (D:3)
  3 hounds (D:5)
  An orc wizard (D:3)
  A hound skeleton (D:4)
  9 mummies
  3 gnolls (D:5)
  4 adders
  A shadow imp (D:5)
  A white imp (D:5)
  2 worms
  2 dart slugs (D:1)
  12 orcs
  7 ball pythons
  3 endoplasms
  4 giant cockroaches
  2 gnoll zombies (Ossuary)
  A goblin (D:2)
  6 hobgoblins
  9 jackals
  3 quokkas
  6 bats
  4 frilled lizards
  A goblin zombie (D:5)
  A hobgoblin zombie (Ossuary)
  7 kobolds
  A kobold zombie (Ossuary)
  5 orc zombies
  6 rats
117 creatures vanquished.

Notes
Turn   | Place    | Note
-------+----------+-------------------------------------------
     0 | D:1      | Deemzul the Palentonga Berserker began the quest for the
                  | Orb.
     0 | D:1      | Reached XP level 1. HP: 19/19 MP: 1/1
   546 | D:1      | Reached XP level 2. HP: 24/25 MP: 2/2
   554 | D:1      | Found Quiptaes's General Store.
  1014 | D:2      | Reached XP level 3. HP: 14/31 MP: 3/3
  1377 | D:2      | Reached ** piety under Trog
  1989 | D:3      | Found a broken altar of Ashenzari.
  2115 | D:3      | Reached XP level 4. HP: 39/39 MP: 4/4
  2116 | D:3      | Reached skill level 4 in Axes
  2180 | D:3      | Found a faded altar of an unknown god.
  2203 | D:3      | Reached XP level 5. HP: 44/44 MP: 5/5
  2463 | D:4      | Found an ancient bone altar of Kikubaaqudgha.
  2671 | D:4      | Found a hide-covered altar of Uskayaw.
  2763 | D:4      | Found Oqirekhlaiff's Antique Weapon Boutique.
  3013 | D:4      | Noticed a phantom
  3025 | D:4      | Killed a phantom
  3026 | D:4      | Reached skill level 5 in Axes
  3026 | D:4      | Reached XP level 6. HP: 52/52 MP: 6/6
  3120 | D:4      | Found an opulent altar of Gozag.
  3393 | D:5      | Entered Level 5 of the Dungeon
  3687 | D:5      | Reached *** piety under Trog
  3708 | D:5      | Found a sand-covered staircase.
  3716 | D:5      | HP: 2/52 [mummy (12)]
  3762 | Ossuary  | Entered an ossuary
  4690 | D:5      | Gained mutation: You curl defensively after being hit. (AC
                  | +7*) [Palentonga growth]
  4690 | D:5      | Reached XP level 7. HP: 51/58 MP: 7/7
  4868 | D:5      | Reached skill level 5 in Fighting
  5174 | D:5      | Reached skill level 6 in Axes
  5188 | D:5      | Found a faded altar of an unknown god.
  5188 | D:5      | Found a faded altar of an unknown god.
  5189 | D:5      | Found a hazy altar of Hepliaklqana.
  5523 | D:5      | Noticed Dowan
  5525 | D:5      | Noticed Duvessa
  5534 | D:5      | Killed Duvessa
  5536 | D:5      | Killed Dowan
  5537 | D:5      | Reached XP level 8. HP: 51/68 MP: 8/8
  5698 | D:5      | Found a shimmering altar of Xom.
  6055 | D:6      | Noticed Maggie
  6073 | D:6      | HP: 3/99 [poisoned by Maggie]
  6074 | D:6      | HP: 1/99 [poisoned by Maggie]
  6074 | D:6      | Slain by a necrophage

Illustrated notes

Levels and vault maps discovered:
D:1:      kennysheep_arrival_seaside, layout_basic, serial_shops,
          nicolae_shop_window_shopping
D:2:      layout_basic
D:3:      layout_rooms, lemuel_crystal_altar, chequers_ecumenical_altar_island
D:4:      layout_basic, nicolae_uskayaw_murder_on_the_dancefloor,
          nicolae_gozag_seed_capital, nicolae_kikubaaqudgha_miasma_corner,
          serial_shops, shop_fountains, chequers_hall_statues_wall_a
D:5:      layout_loops_corners, xom_teletrap_fun,
          nicolae_hepliaklqana_ecumenical_no_more, nicolae_ossuary_entry_giza,
          uniq_duvessa
D:6:      cheibrodos_helix_gallery, layout_cave_pools, elyvilon_altar_3,
          gammafunk_ghost_cemetery, uniq_pikel, uniq_maggie

Skill      XL: |  1  2  3  4  5  6  7  8 |
---------------+-------------------------+-----
Dodging        | 2 3 4 |  4.1
Axes           | 4 5 6 |  6.5
Fighting       | 4 5 |  5.8
Armour         | 2 3 |  3.3
Stealth        | |  0.7

Action                   |  1- 3 |  4- 6 |  7- 9 || total
-------------------------+-------+-------+-------++-------
Melee: Hand axe          |   112 |   134 |    92 ||   338
       Punch             |     2 |       |       ||     2
       Tailslap          |    10 |    20 |    11 ||    41
Throw: Javelin           |       |    13 |       ||    13
Invok: Berserk           |     1 |     5 |     3 ||     9
       Trog's Hand       |       |       |     2 ||     2
 Abil: Rolling Charge    |     3 |     2 |       ||     5
  Use: Scroll            |       |     7 |       ||     7
       Potion            |       |     1 |       ||     1
Armor: Animal skin       |    60 |    36 |    26 ||   122
Dodge: Dodged            |    40 |    42 |    29 ||   111
